 Dungeon Crawl Stone Soup version 0.23.2-1-ga50397a6bc (webtiles) character file.

Game seed: 16897115844976564523

200 Mrkan the Cudgeler (level 5, -1/47 HPs)
             Began as a Minotaur Fighter on May 13, 2019.
             Killed by divine providence
             ... invoked by an orc priest
              (9 damage)
             ... on level 3 of the Dungeon.
             The game lasted 00:03:14 (1756 turns).

Mrkan the Cudgeler (Minotaur Fighter)               Turns: 1756, Time: 00:03:14

Health: -1/47      AC:  6    Str: 21    XL:     5   Next: 48%
Magic:  4/4        EV:  8    Int:  6    God:
Gold:   103        SH:  9    Dex:  9    Spells: 4/4 levels left

rFire    . . .     SeeInvis .   a - +0 flail
rCold    . . .     Gourm    .   c - +0 shield
rNeg     . . .     Faith    .   b - +0 scale mail
rPois    .         Spirit   .   (helmet restricted)
rElec    .         Reflect  .   (no cloak)
rCorr    .         Harm     .   (no gloves)
MR       .....                  (no boots)
Stlth    ..........             (no amulet)
HPRegen  0.15/turn              (no ring)
MPRegen  0.09/turn              (no ring)

@: no status effects
A: retaliatory headbutt, horns 2
a: no special abilities


You were on level 3 of the Dungeon.
You were not hungry.

You visited 1 branch of the dungeon, and saw 3 of its levels.

You collected 103 gold pieces.

Inventory:

Hand Weapons
 a - a +0 flail (weapon)
Armour
 b - a +0 scale mail (worn)
 c - a +0 shield (worn)
Jewellery
 o - an uncursed amulet of faith {unknown}
Scrolls
 e - a scroll of amnesia {unknown}
 g - a scroll of enchant armour {unknown}
 h - 2 scrolls of magic mapping {unknown}
 i - 2 scrolls of immolation {unknown}
 l - 2 scrolls of enchant weapon {unknown}
 m - 5 scrolls of identify {unknown}
 n - 3 scrolls of teleportation {unknown}
 s - 3 scrolls of remove curse {unknown}
Potions
 d - a potion of might
 j - a potion of haste {unknown}
 k - a potion of resistance {unknown}
 p - a potion of flight {unknown}
 q - 2 potions of curing {unknown}
Comestibles
 f - 3 rations


   Skills:
 + Level 4.5 Fighting
 * Level 5.1 Maces & Flails
 - Level 3.6 Armour
 + Level 1.3 Dodging
 + Level 4.8 Shields


You had 4 spell levels left.
You didn't know any spells.
Your spell library was empty.

Dungeon Overview and Level Annotations

Branches:
Dungeon (3/15)

Altars:


Innate Abilities, Weirdness & Mutations

You reflexively headbutt those who attack you in melee.
You have a pair of horns on your head.


Message History

You are confused.
You bump into the rock wall.
You hit the orc priest.
The orc priest is moderately wounded.
Something hits you but does no damage. The orc priest closely misses you.
All of the chunks of flesh in your inventory have rotted away.
You bump into the rock wall.
Something hits you but does no damage. The orc priest closely misses you.
You barely miss the orc priest. Your headbutt misses the orc priest.
The orc priest is moderately wounded.
Something hits you.
* * * LOW HITPOINT WARNING * * *
The orc priest hits you.
* * * LOW HITPOINT WARNING * * *
You bump into the rock wall.
You feel less confused. Something hits you but does no damage.
The orc priest mumbles some strange prayers to Beogh against you.
Beogh smites you!
You die...

#. #. #. .. ...... #.
#### .....#.###. ...
.....#....)######.#####.
.......####....o........
...............{@>#....
.......####.####### #
†...(..#....#
.......#.####
..........# .......##.#
######.##.# ..........#
.........##


You could see an orc priest.

Vanquished Creatures
  An orc priest (D:3)
  Terence (D:3)
  Natasha (D:3)
  5 adders
  2 oozes (D:3)
  5 leopard geckos
  3 orcs (D:3)
  2 giant cockroaches
  7 goblins
  6 hobgoblins
  5 jackals (D:1)
  A quokka (D:2)
  5 bats
  6 frilled lizards
  5 kobolds
  8 rats
63 creatures vanquished.

Notes
Turn   | Place    | Note
-------+----------+-------------------------------------------
     0 | D:1      | Mrkan the Minotaur Fighter began the quest for the Orb.
     0 | D:1      | Reached XP level 1. HP: 19/19 MP: 0/0
   174 | D:1      | Reached XP level 2. HP: 24/27 MP: 1/1
   283 | D:1      | Reached skill level 3 in Maces & Flails
   481 | D:1      | Reached XP level 3. HP: 33/33 MP: 2/2
  1025 | D:2      | Reached XP level 4. HP: 15/40 MP: 3/3
  1438 | D:3      | Reached skill level 4 in Maces & Flails
  1527 | D:3      | Noticed Natasha
  1533 | D:3      | Killed Natasha
  1533 | D:3      | Reached skill level 1 in Dodging
  1537 | D:3      | Noticed Terence
  1546 | D:3      | Killed Terence
  1586 | D:3      | Reached XP level 5. HP: 44/46 MP: 4/4
  1746 | D:3      | Reached skill level 5 in Maces & Flails
  1756 | D:3      | Killed from afar by an orc priest

Skill      XL: |  1  2  3  4  5 |
---------------+----------------+-----
Fighting       | 4 |  4.5
Shields        | 4 |  4.8
Maces & Flails | 3 4 5 |  5.1
Dodging        | 1 |  1.3
Armour         | |  3.6

Action                   |  1- 3 |  4- 6 || total
-------------------------+-------+-------++-------
Melee: Flail             |   115 |    66 ||   181
       Headbutt          |    11 |     9 ||    20
  Eat: Chunk             |       |     3 ||     3
Armor: Scale mail        |    72 |    32 ||   104
Dodge: Dodged            |    39 |    17 ||    56
Block: Shield            |    72 |    39 ||   111
